 Dungeon Crawl Stone Soup version 0.25-a0-362-g90ccd6aac3 (webtiles) character file.

Game seed: 7584583105501790058, levelgen mode: classic

340 EnegeticOcto the Spear-Bearer (level 6, 0/51 HPs)
             Began as a Merfolk Monk on Jan 3, 2020.
             Slain by an ogre
             ... wielding a +0 giant club
              (5 damage)
             ... on level 4 of the Dungeon on Jan 4, 2020.
             The game lasted 00:09:03 (5982 turns).

EnegeticOcto the Spear-Bearer (Merfolk Monk)        Turns: 5982, Time: 00:09:04

Health: 0/51       AC:  6    Str: 13    XL:     6   Next: 56%
Magic:  6/6        EV: 11    Int: 10    God:
Gold:   221        SH:  0    Dex: 16    Spells: 5/5 levels left

rFire    . . .     SeeInvis +   a - +0 spear
rCold    . . .     Gourm    .   (no shield)
rNeg     . . .     Faith    .   j - +0 scale mail
rPois    .         Spirit   .   (no helmet)
rElec    .         Reflect  .   (no cloak)
rCorr    .         Harm     .   (no gloves)
MR       .....                  (no boots)
Stlth    +.........             (no amulet)
HPRegen  0.17/turn              i - ring of see invisible
MPRegen  0.10/turn              (no ring)

@: no status effects
A: change form in water, swift swim, stealthy swim
a: no special abilities


You were on level 4 of the Dungeon.
You were not hungry.

You visited 1 branch of the dungeon, and saw 4 of its levels.

You collected 221 gold pieces.

Inventory:

Hand Weapons
 a - a +0 spear (weapon)
Armour
 b - a +0 pair of gloves
 j - a +0 scale mail (worn)
Jewellery
 c - an uncursed ring of fire
 i - a ring of see invisible (left hand)
Scrolls
 d - 2 scrolls of blinking {unknown}
 f - 3 scrolls of enchant armour
 k - 2 scrolls of teleportation {@r3 !r}
 l - 2 scrolls of magic mapping {unknown}
 m - 2 scrolls of fog {!r}
 q - a scroll of fear {unknown}
 r - 2 scrolls of immolation {unknown}
 t - a scroll of remove curse {@r2}
Potions
 g - a potion of lignification {@q6}
 h - a potion of flight
 o - a potion of cancellation
 p - a potion of curing {@q1 !q}
Comestibles
 e - 3 rations
 n - a chunk of flesh


   Skills:
 - Level 5.0 Fighting
 + Level 8.4 Polearms
 + Level 4.5 Dodging
 - Level 3.0 Stealth


You had 5 spell levels left.
You didn't know any spells.
Your spell library was empty.

Dungeon Overview and Level Annotations

Branches:
Dungeon (4/15)
 Temple: D:4-7

Altars:
Cheibriados
Elyvilon
Qazlal
Uskayaw
Wu Jian
Yredelemnul

Annotations:
D:4 1 runed translucent door, 1 exclusion


Message History

A frilled lizard is nearby!
Attack whom?
Press: ? - help, Dir - move target cursor, f - frilled lizard
Aim: a frilled lizard You reach to attack!
You miss the frilled lizard. You hit the frilled lizard.
You kill the frilled lizard!
No target in view!
No target in view!
You butcher the frilled lizard corpse.
n - 4 chunks of flesh (gained 1)
You see here a frilled lizard skeleton. x2
Some of the chunks of flesh in your inventory have rotted away.
e - 3 rations (gained 1)
m - 2 scrolls of fog {!r} (gained 1)
Found a stone staircase leading down.
The orc shouts!
The orc is too close now for your liking.
Some of the chunks of flesh in your inventory have rotted away.
Attack whom?
Press: ? - help, Dir - move target cursor, f - orc
Aim: an orc, wielding a +0 hand axe You reach to attack!
You hit the orc but do no damage. You closely miss the orc. The orc misses you.
You hit the orc.
You kill the orc!
No target in view!
No target in view!
No target in view!
No target in view!
No target in view!
No target in view!
No target in view!
No target in view!
No target in view!
No target in view!
No target in view!
No target in view!
No target in view!
No target in view!
No target in view!
No target in view!
No target in view!
No target in view!
You see here a +0 hand axe.
Found a stormy altar of Qazlal and a white marble altar of Elyvilon.
There is a white marble altar of Elyvilon here.
The ogre is too close now for your liking.
The ogre shouts!
Attack whom?
Press: ? - help, Dir - move target cursor, f - ogre
Aim: an ogre, wielding a +0 giant club You reach to attack!
You hit the ogre.
The ogre is lightly wounded.
You hit the ogre.
The ogre is moderately wounded.
The ogre barely misses you.
You hit the ogre.
The ogre is moderately wounded.
You hit the ogre.
The ogre is heavily wounded.
The ogre hits you with a +0 giant club!!
You are too injured to fight recklessly!
You are too injured to fight recklessly!
You are too injured to fight recklessly!
You are too injured to fight recklessly!
You are too injured to fight recklessly!
You hit the ogre.
The ogre is heavily wounded.
Your scale mail prevents you from hitting the ogre.
The ogre is heavily wounded.
The ogre hits you with a +0 giant club!
You barely miss the ogre.
The ogre is heavily wounded.
You completely miss the ogre.
The ogre is heavily wounded.
The ogre closely misses you.
You hit the ogre.
The ogre is severely wounded.
You hit the ogre but do no damage.
The ogre is severely wounded.
The ogre hits you with a +0 giant club!
* * * LOW HITPOINT WARNING * * *
You barely miss the ogre.
The ogre is severely wounded.
You barely miss the ogre.
The ogre is severely wounded.
The ogre hits you but does no damage.
You barely miss the ogre.
The ogre is severely wounded.
You completely miss the ogre.
The ogre is severely wounded.
The ogre barely misses you.
You barely miss the ogre.
The ogre is severely wounded.
Okay, then.
You hit the ogre.
The ogre is severely wounded.
The ogre hits you with a +0 giant club.
You die...

...##............##......#.......
...8#...........##.......#.......
....#####...................#..##
...######....)...................
##.#...##....#....#.............#
p+.#._.##....##..##..............
##.#...##....###.##..............
...######.....##..###............
....#####.#....O@...............>
...8#.....####.##..#.............
.#.........###..####..........##.
....##8..8###...####.##..........
....#.....# ###........#..##.....
....###..####..........#..#......
..###......#.............#.....##
..#####..####............##..###
..#.#.....8###...........##..####


You could see an ogre.

Vanquished Creatures
  A scorpion (D:2)
  A hound (D:3)
  A gnoll shaman (D:4)
  3 worker ants
  5 adders
  5 worms
  A dart slug (D:1)
  2 leopard geckos (D:4)
  4 orcs
  8 giant cockroaches
  7 goblins
  11 hobgoblins
  9 jackals
  9 kobolds
  4 quokkas
  11 bats
  5 frilled lizards
  A leopard gecko skeleton (D:4)
  8 rats
96 creatures vanquished.

Notes
Turn   | Place    | Note
-------+----------+-------------------------------------------
     0 | D:1      | EnegeticOcto the Merfolk Monk began the quest for the Orb.
     0 | D:1      | Reached XP level 1. HP: 18/18 MP: 1/1
   287 | D:1      | Reached XP level 2. HP: 22/24 MP: 2/2
   567 | D:1      | Reached skill level 5 in Polearms
   811 | D:1      | Reached XP level 3. HP: 22/29 MP: 3/3
  1085 | D:2      | Found an ornate altar of the Wu Jian Council.
  1211 | D:2      | Reached skill level 6 in Polearms
  1742 | D:2      | Found a snail-covered altar of Cheibriados.
  1760 | D:2      | Reached XP level 4. HP: 35/35 MP: 4/4
  1969 | D:2      | Found a hide-covered altar of Uskayaw.
  3093 | D:2      | Reached skill level 7 in Polearms
  3093 | D:2      | Reached XP level 5. HP: 5/42 MP: 5/5
  3878 | D:3      | Found a stormy altar of Qazlal.
  4003 | D:4      | Noticed a human
  4004 | D:4      | Found a runed translucent door.
  4042 | D:4      | Found a basalt altar of Yredelemnul.
  4084 | D:4      | Noticed a crocodile
  4142 | D:4      | Noticed an ogre
  4536 | D:4      | Reached XP level 6. HP: 20/50 MP: 6/6
  4761 | D:4      | Reached skill level 8 in Polearms
  4765 | D:4      | Reached skill level 5 in Fighting
  5094 | D:4      | Upgraded the game from 0.25-a0-356-g7c9d860b3b to
                  | 0.25-a0-362-g90ccd6aac3
  5200 | D:3      | HP: 1/51 [ogre/+0 giant club (23)]
  5903 | D:4      | Found a stormy altar of Qazlal.
  5903 | D:4      | Found a white marble altar of Elyvilon.
  5982 | D:4      | Slain by an ogre

Levels and vault maps discovered:
D:1:      lemuel_arrival_hallway, layout_basic
D:2:      minmay_evil_eye, layout_basic, overflow_temple_1_default,
          lemuel_coloured_pillars_altar, old_standard_altar, first_ration
D:3:      layout_basic, hangedman_decor_lopped, serial_bayou_lagoon_a,
          solitary_fountain, kennysheep_nondescript, grunt_qazlal_sundering
D:4:      minmay_clustersquares, layout_cave_pools, minitemple,
          dk_yredelemnul_ordeal

Skill      XL: |  1  2  3  4  5  6 |
---------------+-------------------+-----
Polearms       | 5 6 7 8 |  8.4
Stealth        | 3 |  3.0
Fighting       | 4 5 |  5.0
Dodging        | |  4.5

Action                   |  1- 3 |  4- 6 || total
-------------------------+-------+-------++-------
Melee: Spear             |   203 |   340 ||   543
       Unarmed           |       |     6 ||     6
  Use: Scroll            |     3 |     6 ||     9
       Potion            |       |     4 ||     4
 Stab: Sleeping          |    12 |     1 ||    13
  Eat: Chunk             |     3 |     6 ||     9
       Ration            |       |     2 ||     2
Armor: Robe              |    17 |       ||    17
       Scale mail        |     5 |    80 ||    85
       Skin              |       |     8 ||     8
Dodge: Dodged            |    94 |   129 ||   223

Table legend:
 A = Non-vault XP
 B = Vault XP
 C = Vault XP percentage of total XP
 D = Non-vault monster count
 E = Vault monster count
 F = Vault count percentage of total count
                 A         B        C        D         E       F
            +---------+---------+-------+---------+---------+-------
      Total |     382 |     104 |  21.4 |      85 |      11 |  11.5
            +---------+---------+-------+---------+---------+-------
        D:1 |      45 |       0 |   0.0 |      26 |       0 |   0.0
        D:2 |     113 |      10 |   8.1 |      23 |       6 |  20.7
        D:3 |     160 |       0 |   0.0 |      27 |       0 |   0.0
        D:4 |      64 |      94 |  59.5 |       9 |       5 |  35.7
            +---------+---------+-------+---------+---------+-------
